 Dungeon Crawl Stone Soup version 0.19.4 (webtiles) character file.

154 Jynx the Poker (level 5, 0/44 HPs)
             Began as a Merfolk Gladiator on Jan 31, 2017.
             Slain by monokles's ghost (5 damage)
             ... on level 3 of the Dungeon.
             The game lasted 00:04:08 (1714 turns).

Jynx the Poker (Merfolk Gladiator)                  Turns: 1714, Time: 00:04:09

Health: 0/44       AC:  5    Str: 16    XL:     5   Next: 36%
Magic:  5/5        EV: 14    Int:  8    God:
Gold:   73         SH:  0    Dex: 14    Spells: 0 memorised, 4 levels left

rFire  . . .     SeeInvis .     e - +0 halberd
rCold  . . .     Gourm    .     b - +0 leather armour
rNeg   . . .     Faith    .     (shield currently unavailable)
rPois  .         Spirit   .     c - +0 helmet
rElec  .         Reflect  .     (no cloak)
rCorr  .         Harm     .     (no gloves)
MR     .....                    i - +0 pair of boots
Stlth  +.........               (no amulet)
                                (no ring)
                                (no ring)

@: no status effects
A: change form in water, swift swim, stealthy swim, robust 1
a: no special abilities


You were on level 3 of the Dungeon.
You were not hungry.

You visited 1 branch of the dungeon, and saw 4 of its levels.

You collected 73 gold pieces.

Inventory:

Hand Weapons
 a - a +0 trident
 e - a +0 halberd (weapon)
Missiles
 d - 3 throwing nets (quivered)
Armour
 b - a +0 leather armour (worn)
 c - a +0 helmet (worn)
 i - a +0 pair of boots (worn)
Jewellery
 u - an uncursed amulet of faith
Scrolls
 l - a scroll of recharging
Potions
 j - a potion of mutation
 t - a potion of degeneration {unknown}
Comestibles
 f - 2 bread rations
 h - 2 meat rations
 k - 3 chunks of flesh
 p - 4 fruits
 r - a beef jerky


   Skills:
 + Level 2.8 Fighting
 * Level 6.9 Polearms
 + Level 2.7 Throwing
 + Level 4.9 Dodging


You had 4 spell levels left.
You didn't know any spells.

Dungeon Overview and Level Annotations

Branches:
Dungeon (4/15)
 Temple: D:4-7

Altars:
Ru

Annotations:
D:3 monokles's ghost, amateur DsMo


Innate Abilities, Weirdness & Mutations

You revert to your normal form in water.
You are very nimble and swift while swimming.
You are very stealthy in the water. (Stealth+)
You are robust. (+10% HP)


Message History

Monokles's ghost closely misses you.
You hit monokles's ghost but do no damage.
Monokles's ghost is severely damaged.
Monokles's ghost hits you!
* * * LOW HITPOINT WARNING * * *
You hit monokles's ghost but do no damage.
Monokles's ghost is severely damaged.
Monokles's ghost hits you.
* * * LOW HITPOINT WARNING * * *
You feel better. Monokles's ghost barely misses you.
You hit monokles's ghost but do no damage.
Monokles's ghost is severely damaged.
Monokles's ghost hits you.
* * * LOW HITPOINT WARNING * * *
Okay, then.
Okay, then.
You barely miss monokles's ghost.
Monokles's ghost is severely damaged.
Monokles's ghost hits you.
You die...

#.....##...#....#......#
##.....##...#....#......#
#####
.+.....##........#)##'###
#....
##.....##.#.#....#)##.#
#....
.#.....##.#......#..).#
#....
.#........##.....#.####
#....
.#.#########..####.#######
#.... .#.#
#...###.####.#.....####....
.#.# #...#
#..W@..'.......###### ...##
#...# ##.###(#.......#
....###...####.#
#.#.......#
....'[.........#
#.#.....###
....##########.###.###.###
....#...........##.###.#
#...'................#.#
#.###.........#..#.#.#.#
#.#.........#<.#.#.#.#.#


You could see monokles's ghost.

Vanquished Creatures
  A gnoll shaman (D:3)
  5 gnolls (D:3)
  An adder (D:2)
  2 worms (D:2)
  2 dart slugs (D:1)
  An orc (D:3)
  8 bats
  5 giant cockroaches
  2 hobgoblins
  6 jackals (D:3)
  7 kobolds
  3 frilled lizards
  10 goblins
  5 rats (D:1)
58 creatures vanquished.

Notes
Turn   | Place    | Note
-------+----------+-------------------------------------------
     0 | D:1      | Jynx the Merfolk Gladiator began the quest for the Orb.
     0 | D:1      | Reached XP level 1. HP: 16/16 MP: 1/1
   163 | D:1      | Reached skill level 5 in Polearms
   173 | D:1      | Reached XP level 2. HP: 13/22 MP: 2/2
   227 | D:1      | You fall through a shaft!
   470 | D:1      | Reached XP level 3. HP: 28/28 MP: 3/3
   790 | D:2      | Found a sacrificial altar of Ru.
  1038 | D:2      | Reached XP level 4. HP: 34/34 MP: 4/4
  1287 | D:3      | Reached skill level 6 in Polearms
  1456 | D:3      | You fall through a shaft!
  1509 | D:3      | Gained mutation: You are robust. (+10% HP) [potion of beneficial mutation]
  1688 | D:3      | Reached XP level 5. HP: 30/44 MP: 5/5
  1698 | D:3      | Noticed monokles's ghost (amateur DsMo)
  1714 | D:3      | Slain by monokles's ghost

Skill      XL: |  1  2  3  4 |
---------------+-------------+-----
Polearms       | 5 6 |  6.9
Fighting       | |  2.8
Throwing       | |  2.7
Dodging        | |  4.9

Action                   |  1- 3 |  4- 6 || total
-------------------------+-------+-------++-------
Melee: Trident           |   100 |    55 ||   155
       Halberd           |       |    43 ||    43
  Use: Scroll            |       |     8 ||     8
       Potion            |       |     3 ||     3
 Stab: Sleeping          |     1 |     1 ||     2
  Eat: Chunk             |     1 |     2 ||     3
Armor: Leather armour    |    24 |    15 ||    39
Dodge: Dodged            |    47 |    74 ||   121
